 Dungeon Crawl Stone Soup version 0.31-a0-360-gb3e1d13bf4 (webtiles) character file.

Game seed: 8081581350617974269

424 pokeman the Magician (level 6, 0/34 HPs)
             Began as a Deep Elf Hedge Wizard on July 26, 2023.
             Killed by divine providence
             ... invoked by an orc priest
              (12 damage)
             ... on level 4 of the Dungeon.
             The game lasted 00:06:54 (3512 turns).

pokeman the Magician (Deep Elf Hedge Wizard)        Turns: 3512, Time: 00:06:55

Health: 0/34       AC:  3    Str:  7    XL:     6   Next: 64%
Magic:  5/17       EV: 12    Int: 21    God:
Gold:   106        SH:  0    Dex:  9    Spells: 9/17 levels left

rFire   . . .        h - +3 mace of the Valley of Death {freeze, rPois Dex-5 Stlth+}
rCold   . . .        (no shield)
rNeg    . . .        b - +0 robe
rPois   +            v - +0 helmet
rElec   .            (no cloak)
rCorr   .            (no gloves)
SInv    .            (no boots)
Will    .....        (no amulet)
Stlth   +++          (no ring)
HPRegen 0.25/turn    (no ring)
MPRegen 0.15/turn

%: no passive effects
@: no status effects
A: no striking features
a: no special abilities


You were on level 4 of the Dungeon.
You visited 1 branch of the dungeon, and saw 4 of its levels.

You collected 106 gold pieces.

Inventory:

Hand Weapons
 g - a +2 dagger of draining
 h - the +3 mace of the Valley of Death (weapon) {freeze, rPois Dex-5 Stlth+}
   (You found it on level 2 of the Dungeon)

   Dex:       It affects your dexterity (-5).
   rPois:     It protects you from poison.
   Stlth:     It makes you more stealthy.
Armour
 b - a +0 robe (worn)
 v - a +0 helmet (worn)
 w - a +0 buckler
Magical Staves
 c - a staff of cold
 m - a staff of earth
 n - a staff of conjuration
Scrolls
 i - a scroll of noise {unknown}
 j - 3 scrolls of teleportation {unknown}
 k - a scroll of immolation {unknown}
 l - a scroll of revelation {unknown}
 o - 2 scrolls of identify {unknown}
 q - a scroll of enchant armour {unknown}
Potions
 a - 3 potions of curing {unknown}
 d - a potion of magic
 e - a potion of haste {unknown}
 f - 3 potions of mutation {unknown}
 p - 2 potions of lignification {unknown}
 r - a potion of attraction {unknown}
 s - a potion of enlightenment {unknown}
 t - a potion of heal wounds {unknown}
 u - 2 potions of berserk rage {unknown}
 x - a potion of invisibility {unknown}


   Skills:
 - Level 1.0 Fighting
 - Level 1.0 Armour
 - Level 3.0 Dodging
 + Level 3.3 Stealth
 * Level 6.3 Spellcasting
 + Level 5.3 Conjurations
 - Level 1.1 Summonings
 - Level 1.1 Translocations
 + Level 0.9 Evocations


You had 9 spell levels left.
You knew the following spells:

 Your Spells              Type           Power      Damage    Failure   Level
a - Magic Dart            Conj           100%       1d8       1%          1
b - Mephitic Cloud        Conj/Pois/Air  14%        N/A       14%         3
c - Call Imp              Summ           22%        N/A       9%          2
d - Blink                 Tloc           22%        N/A       9%          2

Your spell library contained the following spells:

 Spells                   Type           Power      Damage    Failure   Level
 Slow                     Hex            24%        N/A       10%         1
 Cigotuvi's Dreadful Rot  Necr/Pois/Air  12%        N/A       14%         2
 Volatile Blastmotes      Fire/Tloc      18%        2d11      22%         3
 Iskenderun's Mystic Bla  Conj/Tloc      20%        2d6       26%         4
 Fulminant Prism          Conj/Hex       8%         3d6       30%         4
 Alistair's Intoxication  Tmut/Pois      4%         N/A       95%         5
 Borgnjor's Vile Clutch   Necr/Erth      3%         N/A       95%         5
 Eringya's Noxious Bog    Tmut/Pois      3%         4d6       100%        6


Dungeon Overview and Level Annotations

Branches:
Dungeon (4/15)
 Temple: D:4-7

Altars:
Elyvilon
Okawaru

Shops:
D:1 (


Message History

The jackal bites your cerulean imp.
Your cerulean imp hits the jackal but does no damage.
The jackal barely misses your cerulean imp.
Your cerulean imp hits the jackal with a -3 spear.
The jackal bites your cerulean imp. The jackal misses your cerulean imp.
Your cerulean imp hits the jackal with a -3 spear.
The jackal dies!
Your cerulean imp closely misses the jackal.
Your cerulean imp disappears in a puff of smoke!
The jackal bites you but does no damage.
You barely miss the jackal. The jackal closely misses you.
The jackal barely misses you.
You hit the jackal. You freeze the jackal.
The jackal is heavily wounded.
The jackal barely misses you. x2
You barely miss the jackal.
The jackal is heavily wounded.
The jackal bites you but does no damage. x2
You barely miss the jackal.
The jackal is heavily wounded.
The jackal barely misses you. The jackal bites you.
You barely miss the jackal.
The jackal is heavily wounded.
The jackal closely misses you. The jackal barely misses you.
You hit the jackal. You freeze the jackal.
You kill the jackal!
The orc priest mumbles some strange prayers to Beogh against you.
Pain shoots through your body!
You see here a jackal corpse.
Casting: Call Imp (safe; 9% risk of failure)
Confirm with . or Enter, or press ? or * to list all spells.
The spell is quite dangerous to miscast (14% risk of failure)!
Continue anyway? [Y]es or [N]o only, please.
The spell is quite dangerous to miscast (14% risk of failure)!
Continue anyway? [Y]es or [N]o only, please.
The spell is quite dangerous to miscast (14% risk of failure)!
Continue anyway?
Okay, then.
The orc priest calls down the wrath of Beogh upon you.
Beogh smites you!
You die...

.. ....h. .. ...... ..
###.... .# ...... .# # .
#....# .###..# .
#....##########.......
.####.......o...@†.......#
....###.#.##############.#
....# #.#.# ....###.#l###
..)).o..oog.#
.....o......#
....†)......#
...............
........#######


You could see an orc priest.

Vanquished Creatures
  Sigmund (D:2)
  2 orc priests
  An orc wizard (D:3)
  4 adders
  An ufetubus (D:4)
  A worm (D:2)
  2 dart slugs
  7 orcs
  4 bats
  8 endoplasms
  2 giant cockroaches
  8 goblins
  8 hobgoblins
  2 jackals (D:4)
  3 quokkas
  4 ball pythons
  5 frilled lizards
  8 kobolds
  6 rats
77 creatures vanquished.

Vanquished Creatures (collateral kills)
  A sleepcap (D:4)
  An orc wizard (D:4)
  An orc (D:4)
  A jackal (D:4)
4 creatures vanquished.

Grand Total: 81 creatures vanquished

Notes
Turn   | Place    | Note
-------+----------+-------------------------------------------
     0 | D:1      | pokeman the Deep Elf Hedge Wizard began the quest for the
                  | Orb.
     0 | D:1      | Reached XP level 1. HP: 10/10 MP: 7/7
   125 | D:1      | Reached XP level 2. HP: 16/16 MP: 1/9
   258 | D:1      | You fall into a shaft and drop 1 floor!
   514 | D:2      | Identified the +3 mace of the Valley of Death {freeze,
                  | rPois Dex-5 Stlth+}
   629 | D:1      | Reached skill level 5 in Spellcasting
   736 | D:1      | Found Zoit's Antique Weapon Emporium.
   873 | D:1      | Reached XP level 3. HP: 20/20 MP: 7/11
   877 | D:1      | Learned a level 3 spell: Mephitic Cloud
   880 | D:1      | Learned a level 2 spell: Call Imp
   883 | D:1      | Learned a level 2 spell: Blink
   993 | D:1      | Found a faded altar of an unknown god.
  1158 | D:1      | Reached skill level 1 in Armour
  1707 | D:2      | Noticed Sigmund
  1728 | D:2      | Killed Sigmund
  1729 | D:2      | Reached XP level 4. HP: 10/24 MP: 8/13
  1729 | D:2      | Reached XP level 5. HP: 12/28 MP: 8/14
  1976 | D:2      | Reached skill level 5 in Conjurations
  2186 | D:3      | Reached skill level 1 in Fighting
  2425 | D:3      | Found a white marble altar of Elyvilon.
  2599 | D:3      | Found an iron altar of Okawaru.
  2682 | D:3      | Reached XP level 6. HP: 17/34 MP: 5/16
  3442 | D:4      | Reached skill level 6 in Spellcasting
  3512 | D:4      | Killed from afar by an orc priest

Illustrated notes

Levels and vault maps discovered:
D:1:      heliophobic_arrival_henge, layout_rooms, serial_shops,
          nicolae_shop_back_alley_shop, shapermc_ecumenical_altar_gd
D:2:      layout_basic, kennysheep_small_spiral, uniq_sigmund
D:3:      layout_loops_ring, elyvilon_altar_4, nicolae_overflow_crystal_walls,
          minmay_misc_feat_more_columns, minmay_pentomino_pile
D:4:      lemuel_castle_with_subvaults [lemuel_castle_interior_original],
          layout_basic, nicolae_dithmenos_shadow_blocks, uniq_grinder

Skill      XL: |  1  2  3  4  5  6 |
---------------+-------------------+-----
Spellcasting   | 5 6 |  6.3
Armour         | 1 |  1.0
Conjurations   | 4 5 |  5.3
Fighting       | 1 |  1.0
Dodging        | 3 |  3.0
Stealth        | 3 |  3.3
Summonings     | |  1.1
Translocations | |  1.1
Evocations     | |  0.9

Action                     |  1- 3 |  4- 6 || total
---------------------------+-------+-------++-------
  Melee: Dagger            |    15 |       ||    15
         Mace              |    11 |    33 ||    44
   Cast: Magic Dart        |    88 |    55 ||   143
         Mephitic Cloud    |     2 |     9 ||    11
         Blink             |       |     2 ||     2
         Call Imp          |       |     2 ||     2
   Stab: Sleeping          |     1 |       ||     1
         Confused          |     1 |     1 ||     2
 Armour: Robe              |    10 |    16 ||    26
  Dodge: Dodged            |    27 |    27 ||    54

Table legend: (Time is in decaauts)
 A = Elapsed time spent in this place.
 B = Non-inter-level travel time spent in this place.
 C = Inter-level travel time spent in this place.
 D = Time resting spent in this place.
 E = Time spent auto-exploring this place.
 F = Levels seen in this place.
 G = Mean time per level.
                   A        B        C        D        E       F      G
               +--------+--------+--------+--------+--------+-----+--------+
         Total |   3527 |   3449 |     78 |     42 |   2890 |   4 |  881.8 |
       Dungeon |   3527 |   3449 |     78 |     42 |   2890 |   4 |  881.8 |
               +--------+--------+--------+--------+--------+-----+--------+

Top non-repeatable levels by time:
     D:2: 1159 daAuts
     D:3: 1107 daAuts
     D:1: 1018 daAuts
     D:4: 242 daAuts
